IL
COLUMBUS CLIPPERS @ CHARLOTTE KNIGHTS
04/16/2049
 
TOP OF THE 1ST
Columbus Clippers batting - Pitching for Charlotte Knights : RHP Brett Kitchen
Pitching: RHP Brett Kitchen
Batting: LHB Jesus Lozano 0-0: Ball
1-0: Reached on error, E1 (Groundball, P, EV 43.8 MPH)
Batting: LHB Tyler Babbitt 0-0: Ball
1-0: Ball
2-0: Swinging Strike
2-1: Ball
3-1: Called Strike
3-2: Base on Balls
Batting: LHB Zion Davidson 0-0: SINGLE (Groundball, 4MD, EV 96.9 MPH)
Jesus Lozano to third
Tyler Babbitt to second
Batting: RHB Josh Hoeye 0-0: Called Strike
0-1: GRAND SLAM HOME RUN (Flyball, 78XD, EV 110.0 MPH), Distance : 439 ft
Batting: RHB Mike Quackenbush 0-0: SINGLE (Groundball, 34D, EV 103.1 MPH)
Batting: SHB Scott Scott 0-0: Foul Ball, location: 2F
0-1: Fielders Choice at 2nd, 5-4 (Groundball, 56, EV 84.4 MPH)
Batting: RHB Jason Sher 0-0: Ball
1-0: SINGLE (Groundball, 56D, EV 95.6 MPH)
Scott Scott to second
Runner from 2nd tries for 3rd, SAFE, throw by LF made to third
Batting: RHB Justin Ganey 0-0: Called Strike
Jason Sher steals 2nd base
0-1: Called Strike
0-2: Foul Ball, location: 2F
0-2: Ball
1-2: Strikes out swinging
Batting: RHB George Wagner 0-0: Ball
1-0: Called Strike
1-1: Ground out 4-3 (Groundball, 4, EV 80.0 MPH)
Top of the 1st over - 4 runs, 4 hits, 1 error, 2 left on base; Columbus 4 - Charlotte 0
BOTTOM OF THE 1ST
Charlotte Knights batting - Pitching for Columbus Clippers : RHP Roberto Reyes
Pitching: RHP Roberto Reyes
Batting: RHB Jeremy Hoffert 0-0: Reached on error, E3 (Groundball, 34S, EV 65.0 MPH)
Batting: LHB Justin Stickney 0-0: Called Strike
Jeremy Hoffert steals 2nd base
0-1: Ball
1-1: DOUBLE (Line Drive, 7LS, EV 111.9 MPH)
Jeremy Hoffert scores
Batting: SHB Ruben Velasco Jr. 0-0: Ball
1-0: Ball
2-0: Foul Ball, location: 2F
2-1: Ball
3-1: Fly out, F8 (Flyball, 78M, EV 86.9 MPH)
Runner from 2nd tags up, SAFE at 3rd with throw by CF
Batting: RHB Mike Warzecha 0-0: Called Strike
0-1: Ball
1-1: Foul Ball, location: 2F
1-2: Foul Ball, location: 2F
1-2: Strikes out swinging
Batting: LHB John Thurman 0-0: Ball
1-0: Foul Ball, location: 2F
1-1: Ball
2-1: Ball
3-1: Base on Balls
Batting: SHB Josh Conner 0-0: Swinging Strike
0-1: Fly out, F8 (Flyball, 8RXD, EV 90.0 MPH)
Bottom of the 1st over - 1 run, 1 hit, 1 error, 2 left on base; Columbus 4 - Charlotte 1
TOP OF THE 2ND
Columbus Clippers batting - Pitching for Charlotte Knights : RHP Brett Kitchen
Batting: LHB Jesus Lozano 0-0: Fly out, F8 (Line Drive, 8LM, EV 100.6 MPH)
Batting: LHB Tyler Babbitt 0-0: SINGLE (Groundball, 6MD, EV 115.0 MPH)
Batting: LHB Zion Davidson 0-0: Ball
Tyler Babbitt steals 2nd base
1-0: Swinging Strike
1-1: Ground out 6-3 (Groundball, 6, EV 106.9 MPH)
Batting: RHB Josh Hoeye 0-0: Ball
1-0: Swinging Strike
1-1: SINGLE (Groundball, 5S, EV 73.8 MPH) (infield hit)
Tyler Babbitt to third
Batting: RHB Mike Quackenbush 0-0: Ball
1-0: Ball
2-0: Fly out, F9 (Line Drive, 89M, EV 97.5 MPH)
Top of the 2nd over - 0 runs, 2 hits, 0 errors, 2 left on base; Columbus 4 - Charlotte 1
BOTTOM OF THE 2ND
Charlotte Knights batting - Pitching for Columbus Clippers : RHP Roberto Reyes
Batting: RHB John Iddings 0-0: Ball
1-0: Swinging Strike
1-1: Fly out, F9 (Flyball, 9, EV 80.6 MPH)
Batting: LHB Noel Wilson 0-0: Ball
1-0: Called Strike
1-1: Ball
2-1: Ball
3-1: Foul Ball, location: 2F
3-2: Foul Ball, location: 2F
3-2: Foul Ball, location: 2F
3-2: Foul Ball, location: 2F
3-2: Strikes out swinging
Batting: RHB Steve Waltenbery 0-0: Ball
1-0: Foul Ball, location: 2F
1-1: Ball
2-1: Ball
3-1: Base on Balls
Batting: RHB Jeremy Hoffert 0-0: Ball
Steve Waltenbery steals 2nd base (no throw)
1-0: SINGLE (Line Drive, 56, EV 95.6 MPH)
Steve Waltenbery to third
Batting: LHB Justin Stickney 0-0: Ball
Wild Pitch!
Steve Waltenbery scores
Jeremy Hoffert to second
1-0: Called Strike
1-1: Foul Ball, location: 2F
1-2: Foul Ball, location: 2F
1-2: Foul Ball, location: 2F
1-2: Ground out 4-3 (Groundball, 4, EV 91.9 MPH)
Bottom of the 2nd over - 1 run, 1 hit, 0 errors, 1 left on base; Columbus 4 - Charlotte 2
TOP OF THE 3RD
Columbus Clippers batting - Pitching for Charlotte Knights : RHP Brett Kitchen
Batting: SHB Scott Scott 0-0: Ball
1-0: Called Strike
1-1: Foul Ball, location: 2F
1-2: Ball
2-2: Ball
3-2: Fly out, F9 (Line Drive, 9, EV 98.1 MPH)
Batting: RHB Jason Sher 0-0: Ball
1-0: Ball
2-0: Ball
3-0: Base on Balls
Batting: RHB Justin Ganey 0-0: Ball
Jason Sher steals 2nd base
1-0: Called Strike
1-1: Ball
2-1: Ball
3-1: Called Strike
3-2: Foul Ball, location: 2F
3-2: Fly out, F8 (Flyball, 8LXD, EV 99.4 MPH)
Runner from 2nd tags up, SAFE at 3rd, no throw by CF
Batting: RHB George Wagner 0-0: Called Strike
0-1: Ball
1-1: Called Strike
1-2: Strikes out looking
Top of the 3rd over - 0 runs, 0 hits, 0 errors, 1 left on base; Columbus 4 - Charlotte 2
BOTTOM OF THE 3RD
Charlotte Knights batting - Pitching for Columbus Clippers : RHP Roberto Reyes
Batting: SHB Ruben Velasco Jr. 0-0: Ball
1-0: Swinging Strike
1-1: Foul Ball, location: 2F
1-2: Strikes out looking
Batting: RHB Mike Warzecha 0-0: Called Strike
0-1: Ball
1-1: Foul Ball, location: 2F
1-2: Ground out 5-3 (Groundball, 56, EV 106.9 MPH)
Batting: LHB John Thurman 0-0: SINGLE (Groundball, 34D, EV 95.0 MPH)
Batting: SHB Josh Conner 0-0: Called Strike
John Thurman steals 2nd base
0-1: Swinging Strike
0-2: SINGLE (Groundball, 34D, EV 96.2 MPH)
John Thurman to third
Runner from 3rd tries for Home, SAFE, throw by RF to home
Batting: RHB John Iddings 0-0: Ball
1-0: Ball
2-0: Ball
3-0: Base on Balls
Josh Conner to second
Batting: LHB Noel Wilson 0-0: Ball
1-0: Foul Ball, location: 2F
1-1: SINGLE (Groundball, 4MD, EV 98.1 MPH)
Josh Conner to third
John Iddings to second
Runner from 3rd tries for Home, SAFE, throw by CF to home
Batting: RHB Steve Waltenbery 0-0: Called Strike
0-1: Ball
1-1: Foul Ball, location: 2F
1-2: Strikes out looking
Bottom of the 3rd over - 2 runs, 3 hits, 0 errors, 2 left on base; Columbus 4 - Charlotte 4
TOP OF THE 4TH
Columbus Clippers batting - Pitching for Charlotte Knights : RHP Brett Kitchen
Batting: LHB Jesus Lozano 0-0: Foul Ball, location: 2F
0-1: Called Strike
0-2: Ball
1-2: Ball
2-2: Foul Ball, location: 2F
2-2: Foul Ball, location: 2F
2-2: Ground out 4-3 (Groundball, 4, EV 103.1 MPH)
Batting: LHB Tyler Babbitt 0-0: Foul Ball, location: 2F
0-1: Ball
1-1: Ball
2-1: Foul Ball, location: 2F
2-2: Strikes out swinging
Batting: LHB Zion Davidson 0-0: Called Strike
0-1: Ball
1-1: Ball
2-1: SINGLE (Groundball, 34D, EV 96.9 MPH)
Batting: RHB Josh Hoeye 0-0: Foul Ball, location: 2F
0-1: Called Strike
Zion Davidson steals 2nd base
0-2: Ground out 6-3 (Groundball, 6S, EV 88.1 MPH)
Top of the 4th over - 0 runs, 1 hit, 0 errors, 1 left on base; Columbus 4 - Charlotte 4
BOTTOM OF THE 4TH
Charlotte Knights batting - Pitching for Columbus Clippers : RHP Roberto Reyes
Batting: RHB Jeremy Hoffert 0-0: Called Strike
0-1: Foul Ball, location: 2F
0-2: Strikes out swinging
Batting: LHB Justin Stickney 0-0: Called Strike
0-1: Ball
1-1: Ball
2-1: Ball
3-1: Ground out 5-3 (Groundball, 56S, EV 84.4 MPH)
Batting: SHB Ruben Velasco Jr. 0-0: Ball
1-0: Ball
2-0: Foul Ball, location: 2F
2-1: Fly out, F5 (Popup, 56S, EV 65.0 MPH)
Bottom of the 4th over - 0 runs, 0 hits, 0 errors, 0 left on base; Columbus 4 - Charlotte 4
TOP OF THE 5TH
Columbus Clippers batting - Pitching for Charlotte Knights : RHP Brett Kitchen
Batting: RHB Mike Quackenbush 0-0: SINGLE (Line Drive, 6D, EV 103.1 MPH)
Batting: SHB Scott Scott 0-0: Ball
1-0: Ball
2-0: Called Strike
2-1: Ball
3-1: Fielders Choice at 2nd, 4-6 (Groundball, 4, EV 81.9 MPH)
Batting: RHB Jason Sher 0-0: Called Strike
0-1: Ball
1-1: Ball
2-1: Swinging Strike
2-2: Ground out 5-3 (Groundball, 5S, EV 84.4 MPH)
Scott Scott to second
Batting: RHB Justin Ganey 0-0: Ball
1-0: Ball
2-0: Called Strike
2-1: Ball
3-1: Fly out, F9 (Flyball, 9S, EV 89.4 MPH)
Top of the 5th over - 0 runs, 1 hit, 0 errors, 1 left on base; Columbus 4 - Charlotte 4
BOTTOM OF THE 5TH
Charlotte Knights batting - Pitching for Columbus Clippers : RHP Roberto Reyes
Batting: RHB Mike Warzecha 0-0: Ball
1-0: Ball
2-0: Called Strike
2-1: Ball
3-1: Fly out, F9 (Flyball, 9S, EV 75.0 MPH)
Batting: LHB John Thurman 0-0: Ball
1-0: Foul Ball, location: 2F
1-1: Ball
2-1: Ball
3-1: Foul Ball, location: 2F
3-2: Base on Balls
Batting: SHB Josh Conner 0-0: Called Strike
John Thurman steals 2nd base (no throw)
0-1: Foul Ball, location: 2F
0-2: Foul Ball, location: 2F
0-2: Ball
1-2: Strikes out swinging
Batting: RHB John Iddings 0-0: Ground out 5-3 (Groundball, 5L, EV 105.0 MPH)
Bottom of the 5th over - 0 runs, 0 hits, 0 errors, 1 left on base; Columbus 4 - Charlotte 4
TOP OF THE 6TH
Columbus Clippers batting - Pitching for Charlotte Knights : RHP Brett Kitchen
Pitching: RHP Dicky Goedhart
Batting: RHB George Wagner 0-0: Fly out, F7 (Flyball, 7, EV 98.1 MPH)
Batting: LHB Jesus Lozano 0-0: Called Strike
0-1: Foul Ball, location: 2F
0-2: Strikes out swinging
Batting: LHB Tyler Babbitt 0-0: Foul Ball, location: 2F
0-1: Foul Ball, location: 2F
0-2: DOUBLE (Line Drive, 7LM, EV 101.2 MPH)
Batting: LHB Zion Davidson 0-0: Intentional Walk
Batting: RHB Josh Hoeye 0-0: Called Strike
0-1: Swinging Strike
0-2: Ball
1-2: Ball
2-2: Strikes out swinging
Top of the 6th over - 0 runs, 1 hit, 0 errors, 2 left on base; Columbus 4 - Charlotte 4
BOTTOM OF THE 6TH
Charlotte Knights batting - Pitching for Columbus Clippers : RHP Roberto Reyes
Batting: LHB Noel Wilson 0-0: Ball
1-0: Foul Ball, location: 2F
1-1: Ball
2-1: Fly out, F8 (Line Drive, 8LM, EV 106.2 MPH)
Pitching: RHP Nate Souza
Batting: RHB Steve Waltenbery 0-0: Called Strike
0-1: Ball
1-1: Ball
2-1: Called Strike
2-2: Ball
3-2: Ground out 4-3 (Groundball, 34, EV 83.1 MPH)
Batting: RHB Jeremy Hoffert 0-0: Ball
1-0: Ball
2-0: Ground out 6-3 (Groundball, 6, EV 85.0 MPH)
Bottom of the 6th over - 0 runs, 0 hits, 0 errors, 0 left on base; Columbus 4 - Charlotte 4
TOP OF THE 7TH
Columbus Clippers batting - Pitching for Charlotte Knights : RHP Dicky Goedhart
Batting: RHB Mike Quackenbush 0-0: Called Strike
0-1: Swinging Strike
0-2: Foul Ball, location: 2F
0-2: Ground out U3 (Groundball, 34S, EV 78.8 MPH)
Batting: SHB Scott Scott 0-0: Ball
1-0: Ground out U3 (Groundball, 3, EV 81.2 MPH)
Batting: RHB Jason Sher 0-0: Ball
1-0: Ball
2-0: Ball
3-0: Base on Balls
Batting: RHB Justin Ganey 0-0: Called Strike
Jason Sher steals 2nd base
0-1: Foul Ball, location: 2F
0-2: SINGLE (Groundball, 6MD, EV 102.5 MPH)
Jason Sher to third
Runner from 3rd tries for Home, throw by CF and OUT! 8-2
Top of the 7th over - 0 runs, 1 hit, 0 errors, 1 left on base; Columbus 4 - Charlotte 4
BOTTOM OF THE 7TH
Charlotte Knights batting - Pitching for Columbus Clippers : RHP Nate Souza
Pitching: LHP Heath Ryland
Pinch Hitting: RHB Mark Jones 0-0: Ball
1-0: Swinging Strike
1-1: SINGLE (Groundball, 56D, EV 88.8 MPH) (infield hit)
Batting: SHB Ruben Velasco Jr. 0-0: Ball
1-0: Called Strike
1-1: Ground out 5-3 (Groundball, 56S, EV 69.4 MPH)
Mark Jones to second
Batting: RHB Mike Warzecha 0-0: Intentional Walk
Pinch Runner at 2nd Alberto Carrasco:
Pinch Hitting: RHB Fletcher Easter 0-0: Ball
1-0: SINGLE (Groundball, 6S, EV 74.4 MPH) (infield hit)
Alberto Carrasco to third
Mike Warzecha to second
Batting: SHB Josh Conner 0-0: Ball
1-0: Ball
2-0: Foul Ball, location: 2F
2-1: Ball
3-1: SINGLE (Groundball, 6MD, EV 97.5 MPH)
Alberto Carrasco scores
Mike Warzecha to third
Fletcher Easter to second
Runner from 3rd tries for Home, SAFE, throw by CF to home
Batting: RHB John Iddings 0-0: Ball
1-0: Ball
2-0: Called Strike
2-1: Called Strike
2-2: Strikes out looking
Batting: LHB Noel Wilson 0-0: Foul Ball, location: 2F
0-1: Ball
1-1: Swinging Strike
1-2: Ground out 2-3 (Groundball, 13S, EV 68.1 MPH)
Bottom of the 7th over - 2 runs, 3 hits, 0 errors, 2 left on base; Columbus 4 - Charlotte 6
TOP OF THE 8TH
Columbus Clippers batting - Pitching for Charlotte Knights : RHP Dicky Goedhart
Pitching: RHP Chris Worster
Now at 1B: Olaf Zoeteman
Now in LF: Alberto Carrasco
Now in CF: Jeremy Hoffert
Batting: RHB George Wagner 0-0: Called Strike
0-1: Foul Ball, location: 2F
0-2: Ball
1-2: Ball
2-2: Ball
3-2: Foul Ball, location: 2F
3-2: Base on Balls
Batting: LHB Jesus Lozano 0-0: Ball
1-0: Ball
2-0: Called Strike
2-1: Foul Ball, location: 2F
2-2: Foul Ball, location: 2F
2-2: Foul Ball, location: 2F
2-2: Ball
3-2: Foul Ball, location: 2F
3-2: Base on Balls
George Wagner to second
Batting: LHB Tyler Babbitt 0-0: Bunted foul
0-1: Ball
1-1: Ball
2-1: Sac Bunt to 15 - play at first, batter OUT! 1-4
George Wagner to third
Jesus Lozano to second
Batting: LHB Zion Davidson 0-0: Ball
1-0: Foul Ball, location: 2F
1-1: Foul Ball, location: 2F
1-2: Ball
2-2: Strikes out looking
Batting: SHB Valentin Laporte 0-0: Called Strike
0-1: Ball
1-1: Ball
2-1: SINGLE (Line Drive, 7S, EV 98.1 MPH)
George Wagner scores
Jesus Lozano to third
Runner from 3rd tries for Home, SAFE, throw by LF to home
Pitching: RHP Jesus Griego
Pinch Hitting: LHB John Harring 0-0: Ball
1-0: Called Strike
Valentin Laporte steals 2nd base
1-1: Called Strike
1-2: Ball
2-2: SINGLE (Line Drive, 6MD, EV 101.2 MPH)
Valentin Laporte to third
Batting: SHB Scott Scott 0-0: Ball
1-0: Ground out 4-3 (Groundball, 4, EV 104.4 MPH)
Top of the 8th over - 2 runs, 2 hits, 0 errors, 2 left on base; Columbus 6 - Charlotte 6
BOTTOM OF THE 8TH
Charlotte Knights batting - Pitching for Columbus Clippers : LHP Heath Ryland
Pitching: RHP Dennis Beals
Now at 2B: Ferdi Schipper
Now at SS: Scott Scott
Pinch Hitting: SHB Ethan Villalobos 0-0: Called Strike
0-1: Foul Ball, location: 2F
0-2: SINGLE (Flyball, 78S, EV 84.4 MPH)
Pinch Runner at 1st Dunlang Clark:
Batting: RHB Jeremy Hoffert 0-0: Ball
1-0: Bunt missed!
1-1: Bunted foul
1-2: Ball
2-2: Foul Ball, location: 2F
2-2: Foul Ball, location: 2F
2-2: Fly out, F8 (Line Drive, 8LM, EV 103.8 MPH)
Batting: LHB Alberto Carrasco 0-0: Ball
1-0: Ball
Dunlang Clark is caught stealing 2nd base 2-6
2-0: Foul Ball, location: 2F
2-1: Called Strike
2-2: Ball
3-2: Foul Ball, location: 2F
3-2: Fly out, F8 (Line Drive, 8LM, EV 95.6 MPH)
Bottom of the 8th over - 0 runs, 1 hit, 0 errors, 0 left on base; Columbus 6 - Charlotte 6
TOP OF THE 9TH
Columbus Clippers batting - Pitching for Charlotte Knights : RHP Jesus Griego
Now at 1B: Dunlang Clark
Now at 2B: Olaf Zoeteman
Batting: RHB Jason Sher 0-0: Called Strike
0-1: Ball
1-1: Foul Ball, location: 2F
1-2: Foul Ball, location: 2F
1-2: Ball
2-2: Ball
3-2: Fly out, F4 (Popup, 4M, EV 73.8 MPH)
Batting: RHB Justin Ganey 0-0: Ball
1-0: Foul Ball, location: 2F
1-1: Ball
2-1: Foul Ball, location: 2F
2-2: Fly out, F3 (Line Drive, 3L, EV 70.6 MPH)
Batting: RHB George Wagner 0-0: SINGLE (Groundball, 6M, EV 101.2 MPH) (infield hit)
Batting: LHB Jesus Lozano 0-0: Called Strike
0-1: Ball
1-1: Ball
George Wagner steals 2nd, throwing error, E2
George Wagner to third
2-1: Intentional Walk
Batting: LHB Tyler Babbitt 0-0: Ball
1-0: Ball
2-0: Called Strike
2-1: Foul Ball, location: 2F
2-2: Ball
Jesus Lozano steals 2nd base (no throw)
3-2: SINGLE (Groundball, 6D, EV 95.0 MPH)
George Wagner scores
Jesus Lozano to third
Runner from 3rd tries for Home, SAFE, throw by CF to home
Pitching: RHP Maury Compson
Batting: LHB Zion Davidson 0-0: Ball
Tyler Babbitt steals 2nd base
1-0: Ground out 5-3 (Groundball, 56S, EV 73.1 MPH)
Top of the 9th over - 2 runs, 2 hits, 1 error, 1 left on base; Columbus 8 - Charlotte 6
BOTTOM OF THE 9TH
Charlotte Knights batting - Pitching for Columbus Clippers : RHP Dennis Beals
Pitching: RHP Paul Lewis
Batting: SHB Ruben Velasco Jr. 0-0: Called Strike
0-1: Ball
1-1: Ball
2-1: Foul Ball, location: 2F
2-2: Strikes out swinging
Batting: RHB Mike Warzecha 0-0: Called Strike
0-1: Ball
1-1: Ball
2-1: Ground out 1-3 (Groundball, 13S, EV 68.8 MPH)
Batting: SHB Olaf Zoeteman 0-0: Ball
1-0: Ball
2-0: Ball
3-0: Called Strike
3-1: Ground out 4-3 (Groundball, 4, EV 101.9 MPH)
Bottom of the 9th over - 0 runs, 0 hits, 0 errors, 0 left on base; Columbus 8 - Charlotte 6
Sunday, July 16th , 2023 - OOTP Baseball 24.6 Build 69